 Dungeon Crawl Stone Soup version 0.30-a0-924-g0ad0bf95bc (webtiles) character file.

Game seed: 5198046849960260022

40 12sPaWn12 the Trooper (level 3, -7/40 HPs)
             Began as an Ogre Berserker on Mar 23, 2023.
             Was a Believer of Trog.
             Killed from afar by Sigmund (8 damage)
             ... with a puff of flame
             ... on level 2 of the Dungeon.
             The game lasted 00:01:49 (1337 turns).

12sPaWn12 the Trooper (Ogre Berserker)              Turns: 1337, Time: 00:01:50

Health: -7/40      AC:  3    Str: 23    XL:     3   Next: 50%
Magic:  0/3        EV: 10    Int:  8    God:    Trog [**....]
Gold:   51         SH:  0    Dex:  8    Spells: 2/2 levels left

rFire   . . .      SeeInvis .    a - +0 mace
rCold   . . .      Faith    .    (no shield)
rNeg    . . .      Spirit   +    b - +0 animal skin
rPois   .          Reflect  .    (helmet restricted)
rElec   .          Rampage  .    (no cloak)
rCorr   .                        (gloves unavailable)
Will    .....                    (boots unavailable)
Stlth   +                        e - amulet of guardian spirit
HPRegen 0.26/turn                (no ring)
MPRegen 0.08/turn                (no ring)

@: no status effects
A: large, unfitting armour, tough skin 1
a: Renounce Religion, Berserk, Trog's Hand


You were on level 2 of the Dungeon.
You worshipped Trog.
Trog was pleased with you.
You visited 1 branch of the dungeon, and saw 2 of its levels.

You collected 51 gold pieces.

Inventory:

Hand Weapons
 a - a +0 mace (weapon)
Armour
 b - a +0 animal skin (worn)
Jewellery
 e - an amulet of guardian spirit (around neck)
Scrolls
 d - a scroll of enchant weapon {unknown}
 f - a scroll of vulnerability {unknown}
 g - a scroll of noise {unknown}
 h - a scroll of identify {unknown}
Potions
 c - 2 potions of lignification {unknown}


   Skills:
 * Level 4.5 Fighting
 * Level 3.2 Maces & Flails
 * Level 0.3(2.2) Staves
 * Level 0.2 Armour
 * Level 3.1 Dodging


You had 2 spell levels left.
You didn't know any spells.
Your spell library was empty.

Dungeon Overview and Level Annotations

Branches:
Dungeon (2/15)

Altars:

Annotations:
D:2 Sigmund


Innate Abilities, Weirdness & Mutations

You are too large for most types of armour.
You have tough skin. (AC +1)


Message History

Sigmund points at you and mumbles some strange words.
You are confused.
You barely miss Sigmund.
Sigmund is moderately wounded.
Sigmund casts a spell.
Sigmund flickers and vanishes!
Deactivating autopickup; reactivate with Ctrl-A.
You hit something.
You hear a zap.
A puff of flame appears from out of thin air!
The puff of flame hits you. Something hits you!
* * * LOW HITPOINT WARNING * * *
You see here a worm corpse.
You bump into the rock wall.
You hear a zap.
A puff of flame appears from out of thin air!
The puff of flame hits you!
* * * LOW HITPOINT WARNING * * *
You feel less confused.
You see here a hobgoblin corpse.
You see here a +0 flail.
Found a stone staircase leading down.
You hear some strange, mumbled words.
You are confused.
Found a book of Debilitation.
You're too confused to move!
You hear some strange, mumbled words.
You are more confused.
You bump into the rock wall.
You are too confused!
You feel less confused.
You hear a zap.
A puff of flame appears from out of thin air!
The puff of flame hits you!
* * * LOW HITPOINT WARNING * * *
Sigmund is nearby!
Sigmund zaps a wand.
The puff of flame hits you.
* * * LOW HITPOINT WARNING * * *
Sigmund zaps a wand.
The puff of flame hits you!
You die...

###.##@####
#.#.#.####
#.........## #..>...
#.#♣.♣###..#
###:.... #.
♣.♣#..@.##### ###
#.# . ♣ ♣.........#
(# ♣......##.####
♣............#
♣......##.#..##
♣#..@#.##.##..#
♣....#.##.....#
♣.#.#...#.....###
............)....#
.......##..)....##.#
##♣♣♣♣♣ #.##.##.##.#
...##.#..##.# ♣♣#
##.#.###.# #.#.###.#


You could see Sigmund.

Vanquished Creatures
  2 worms (D:2)
  A dart slug (D:2)
  2 ball pythons (D:1)
  4 bats
  An endoplasm (D:1)
  2 giant cockroaches
  4 goblins
  9 hobgoblins
  A frilled lizard (D:1)
  A kobold (D:1)
  2 rats (D:1)
29 creatures vanquished.

Vanquished Creatures (others)
  3 plants (D:2)
3 creatures vanquished.

Grand Total: 32 creatures vanquished

Notes
Turn   | Place    | Note
-------+----------+-------------------------------------------
     0 | D:1      | 12sPaWn12 the Ogre Berserker began the quest for the Orb.
     0 | D:1      | Reached XP level 1. HP: 24/24 MP: 1/1
   241 | D:1      | Reached XP level 2. HP: 28/32 MP: 2/2
   567 | D:1      | Found a faded altar of an unknown god.
   946 | D:1      | Reached XP level 3. HP: 40/40 MP: 3/3
  1191 | D:2      | Reached ** piety under Trog
  1292 | D:2      | Noticed Sigmund
  1301 | D:2      | HP: 1/40 [something/puff of flame (6)]
  1322 | D:2      | HP: 1/40 [something/puff of flame (5)]
  1336 | D:2      | HP: 1/40 [Sigmund/puff of flame (4)]
  1337 | D:2      | Killed from afar by Sigmund

Illustrated notes

Levels and vault maps discovered:
D:1:      roderic_octagonal_star, layout_loops_corners,
          hellmonk_ecumenical_altar_arch_garden
D:2:      layout_loops_cross, serial_forest, infiniplex_forest_lined_corner,
          infiniplex_forest_straight_3, infiniplex_forest_join,
          infiniplex_forest_clump_curved, infiniplex_forest_straight_2,
          infiniplex_forest_end_3, minmay_misc_feat_square,
          chequers_hall_statues_corner_a, minmay_statues_item,
          roderic_nine_men_s_morris, minmay_box_of_dots, uniq_sigmund

Skill      XL: |  1  2 |
---------------+-------+-----
Dodging        | 3 |  3.1
Maces & Flails | 3 |  3.2
Fighting       | |  4.5
Staves         | |  0.3
Armour         | |  0.2

Action                     || total
---------------------------++-------
  Melee: Mace              ||    83
         Punch             ||     1
 Armour: Animal skin       ||    20
  Dodge: Dodged            ||    50

Table legend: (Time is in decaauts)
 A = Elapsed time spent in this place.
 B = Non-inter-level travel time spent in this place.
 C = Inter-level travel time spent in this place.
 D = Time resting spent in this place.
 E = Time spent auto-exploring this place.
 F = Levels seen in this place.
 G = Mean time per level.
                   A        B        C        D        E       F      G
               +--------+--------+--------+--------+--------+-----+--------+
         Total |   1358 |   1315 |     43 |      0 |   1078 |   2 |  679.0 |
       Dungeon |   1358 |   1315 |     43 |      0 |   1078 |   2 |  679.0 |
               +--------+--------+--------+--------+--------+-----+--------+

Top non-repeatable levels by time:
     D:1: 1052 daAuts
     D:2: 305 daAuts
